 Dungeon Crawl Stone Soup version 0.29.1-15-g9cfb28693d (webtiles) character file.

Game seed: 4182940354143580066

30 javelincjr the Magician (level 3, 0/25 HPs)
             Began as a Demonspawn Hedge Wizard on Apr 3, 2023.
             Was a Follower of Kikubaaqudgha.
             Slain by Natasha (5 damage)
             ... on level 2 of the Dungeon.
             The game lasted 00:05:54 (1168 turns).

javelincjr the Magician (Demonspawn Hedge Wizard)   Turns: 1168, Time: 00:05:55

Health: 0/25       AC:  7    Str: 12    XL:     3   Next: 3%
Magic:  7/7        EV: 12    Int: 12    God:    Kikubaaqudgha [*.....]
Gold:   70         SH:  0    Dex: 17    Spells: 6/8 levels left

rFire   . . .      SeeInvis .   n - +5 long sword of Ifemnat {vorpal, Int-3 Dex+5}
rCold   . . .      Faith    .   (no shield)
rNeg    . . .      Spirit   .   g - +2 leather armour {rPois}
rPois   +          Reflect  .   c - +0 hat
rElec   .          Harm     .   (no cloak)
rCorr   .          Rampage  .   (no gloves)
Will    .....                   (no boots)
Stlth   ++........              h - amulet of magic regeneration
HPRegen 0.08/turn               (no ring)
MPRegen 0.50/turn               (no ring)

@: very slightly contaminated, slowed, very slow
A: hooves 1, thin metallic scales 1
a: Renounce Religion, Unearth Wretches


You were on level 2 of the Dungeon.
You worshipped Kikubaaqudgha.
Kikubaaqudgha was aware of your devotion.
You visited 1 branch of the dungeon, and saw 2 of its levels.

You collected 70 gold pieces.

Inventory:

Hand Weapons
 a - a +0 dagger
 k - a +3 spear
 l - a +3 dagger of venom
 n - the +5 long sword of Ifemnat (weapon) {vorpal, Int-3 Dex+5}
   (You found it on level 2 of the Dungeon)

   It inflicts extra damage upon your enemies.
   Int:       It affects your intelligence (-3).
   Dex:       It affects your dexterity (+5).
Missiles
 m - 3 silver boomerangs
Armour
 b - a +0 robe
 c - a +0 hat (worn)
 g - a +2 leather armour of poison resistance (worn)
Jewellery
 h - an amulet of magic regeneration (around neck)
Scrolls
 e - a scroll of poison {unknown}
 f - 2 scrolls of fog {unknown}
 i - a scroll of silence {unknown}
 j - a scroll of enchant armour {unknown}
Potions
 d - a potion of magic


   Skills:
 * Level 0.6 Fighting
 + Level 0.0 Long Blades
 + Level 0.3 Armour
 + Level 2.0 Dodging
 - Level 1.9 Stealth
 * Level 3.1 Spellcasting
 + Level 1.3 Conjurations
 + Level 1.4 Summonings
 * Level 0.0 Necromancy
 + Level 1.3 Translocations


You had 6 spell levels left.
You knew the following spells:

 Your Spells              Type           Power      Damage    Failure   Level
a - Magic Dart            Conj           20%        1d4       19%         1
b - Necrotise             Necr           4%         1d4       30%         1

Your spell library contained the following spells:

 Spells                   Type           Power      Damage    Failure   Level
 Blink                    Tloc           10%        N/A       26%         2
 Call Imp                 Summ           5%         N/A       26%         2
 Slow                     Hex            4%         N/A       30%         1
 Sublimation of Blood     Necr           1%         N/A       43%         2
 Conjure Flame            Conj/Fire      3%         6-21      56%         3
 Portal Projectile        Hex/Tloc       6%         N/A       56%         3
 Mephitic Cloud           Conj/Pois/Air  2%         N/A       61%         3
 Tukima's Dance           Hex            1%         N/A       67%         3
 Vampiric Draining        Necr           1%         2d6       67%         3
 Animate Dead             Necr           1%         N/A       97%         4
 Blade Hands              Tmut           0%         N/A       100%        5


Dungeon Overview and Level Annotations

Branches:
Dungeon (2/15)

Altars:
Kikubaaqudgha

Shops:
D:1 *

Annotations:
D:2 Natasha


Innate Abilities, Weirdness & Mutations

You have large cloven feet.
You are partially covered in thin metallic scales. (AC +2)


Message History

Press: ? - help, Shift-Dir - straight line, f/p - Natasha
Aim: Natasha, carrying a wand of flame (18) (almost dead, chance to affect: 36%) Natasha easily resists.
Natasha drinks a potion.
Natasha is healed!
Casting: Necrotise (safe; 30% risk of failure)
Confirm with . or Enter, or press ? or * to list all spells.
You don't know that spell.
Casting: Necrotise (safe; 30% risk of failure)
Confirm with . or Enter, or press ? or * to list all spells.
Okay, then.
Casting: Necrotise (safe; 30% risk of failure)
Confirm with . or Enter, or press ? or * to list all spells.
Aiming: Magic Dart (safe; 19% risk of failure)
Press: ? - help, Shift-Dir - straight line, f/p - Natasha
Aim: Natasha, carrying a wand of flame (18) (moderately wounded, 100% to hit)
You miscast Magic Dart.
Nothing appears to happen.
Natasha closely misses you. Natasha claws you but does no damage.
Casting: Magic Dart (safe; 19% risk of failure)
Confirm with . or Enter, or press ? or * to list all spells.
Aiming: Magic Dart (safe; 19% risk of failure)
Press: ? - help, Shift-Dir - straight line, f/p - Natasha
Aim: Natasha, carrying a wand of flame (18) (moderately wounded, 100% to hit)
You miscast Magic Dart.
Nothing appears to happen.
Natasha misses you.
Casting: Magic Dart (safe; 19% risk of failure)
Confirm with . or Enter, or press ? or * to list all spells.
Aiming: Magic Dart (safe; 19% risk of failure)
Press: ? - help, Shift-Dir - straight line, f/p - Natasha
Aim: Natasha, carrying a wand of flame (18) (moderately wounded, 100% to hit)
The magic dart hits Natasha.
Natasha is moderately wounded.
Natasha growls.
Natasha claws you.
Natasha zaps a wand.
The puff of flame hits you!
* * * LOW HITPOINT WARNING * * *
You closely miss Natasha. Your kick misses Natasha.
Natasha is moderately wounded.
Natasha barely misses you. x2
You barely miss Natasha.
Natasha is moderately wounded.
Natasha claws you.
You die...
Kikubaaqudgha rasps: "You have failed me!
Welcome... death!"

..............#
#..#######..
##.####.#####.#####..#
### ##.####.........#
.........#####.##
##.#####.#####.########
#.# #..<............
#.# ########.#######
#.############.#
#....5h@.......#
################


You could see Natasha and a white imp (summoned).

Vanquished Creatures
  A ball python (D:1)
  3 bats (D:1)
  4 endoplasms (D:1)
  5 goblins (D:1)
  3 hobgoblins
  3 frilled lizards
  7 kobolds
  A rat (D:1)
27 creatures vanquished.

Notes
Turn   | Place    | Note
-------+----------+-------------------------------------------
     0 | D:1      | javelincjr the Demonspawn Hedge Wizard began the quest for
                  | the Orb.
     0 | D:1      | Reached XP level 1. HP: 13/13 MP: 4/4
   123 | D:1      | Found Gextaul's General Store.
   135 | D:1      | Reached skill level 1 in Translocations
   380 | D:1      | Gained mutation: You are partially covered in thin metallic
                  | scales. (AC +2) [demonic ancestry]
   380 | D:1      | Reached XP level 2. HP: 19/19 MP: 4/6
   729 | D:1      | Found a faded altar of an unknown god.
   741 | D:1      | Prayed at the altar of an unknown god.
   741 | D:1      | Became a worshipper of Kikubaaqudgha
   741 | D:1      | Reached * piety under Kikubaaqudgha
   741 | D:1      | Received a gift from Kikubaaqudgha
   763 | D:1      | Learned a level 1 spell: Necrotise
  1036 | D:2      | Gained mutation: You have large cloven feet. [demonic
                  | ancestry]
  1036 | D:2      | Reached XP level 3. HP: 25/25 MP: 5/7
  1061 | D:2      | Identified the +5 long sword of Ifemnat {vorpal, Int-3
                  | Dex+5}
  1152 | D:2      | Noticed Natasha
  1168 | D:2      | Slain by Natasha

Illustrated notes

Levels and vault maps discovered:
D:1:      dpeg_arrival_rooms_c, layout_loops_ring,
          shapermc_ecumenical_altar_mp_highgroup, serial_shops, shop,
          minmay_misc_feat_hallway, minmay_tetromino_t2
D:2:      layout_loops_ring, uniq_natasha

Skill      XL: |  1  2 |
---------------+-------+-----
Translocations | 1 |  1.3
Dodging        | 2 |  2.0
Fighting       | |  0.6
Armour         | |  0.3
Stealth        | |  1.9
Spellcasting   | |  3.1
Conjurations   | |  1.3
Summonings     | |  1.4

Action                   || total
-------------------------++-------
Melee: Dagger            ||     9
       Spear             ||    15
       Long sword        ||     6
 Cast: Magic Dart        ||    27
       Necrotise         ||    10
 Stab: Sleeping          ||     5
Armor: Robe              ||     1
       Leather armour    ||     9
Dodge: Dodged            ||    25
